 Dungeon Crawl Stone Soup version 0.17.1-3-g152610e (webtiles) character file.

98 Goblin1989 the Cudgeler (level 4, -2/26 HPs)
             Began as a Gargoyle Gladiator on Mar 8, 2016.
             Slain by a decayed bog body (20 damage)
             ... in an ossuary.
             The game lasted 00:05:52 (2352 turns).

Goblin1989 the Cudgeler (Gargoyle Gladiator)        Turns: 2352, Time: 00:05:52

Health: -2/26      AC:  9    Str: 20    XL:     4   Next: 71%
Magic:  4/4        EV: 11    Int:  8    God:
Gold:   104        SH:  0    Dex: 10    Spells: 0 memorised, 3 levels left

rFire  . . .     SeeInvis .     a - +0 flail
rCold  . . .     Clarity  .     i - +0 ring mail
rNeg   + . .     SustAt   .     (no shield)
rPois  ∞         Gourm    .     c - +0 helmet
rElec  +         Spirit   .     (no cloak)
rCorr  .         Warding  .     (no gloves)
rMut   .         Stasis   .     (no boots)
MR     .....                    (no amulet)
Stlth  ..........               (no ring)
                                (no ring)

@: not resistant to hostile enchantments, extremely unstealthy
A: negative energy resistance 1, electricity resistance, unbreathing,
petrification resistance, rot immunity, AC +3
a: no special abilities


You were in an ossuary.
You were not hungry.

You visited 1 branch of the dungeon, and saw 4 of its levels.
You also visited: Ossuary.

You collected 104 gold pieces.

Inventory:

Hand Weapons
 a - a +0 flail (weapon)
Missiles
 e - 3 throwing nets (quivered)
Armour
 c - a +0 helmet (worn)
 g - a +0 chain mail
 i - a +0 ring mail (worn)
Jewellery
 m - an uncursed ring of protection from cold {unknown}
 n - a +4 ring of strength {unknown}
Scrolls
 j - a scroll of identify {unknown}
 k - a scroll of enchant weapon {unknown}
 l - a scroll of amnesia {unknown}
 q - a scroll of teleportation {unknown}
Potions
 b - a potion of ambrosia {unknown}
 f - a potion of agility {unknown}
 h - a potion of lignification {unknown}
 o - a potion of beneficial mutation {unknown}
Comestibles
 d - 3 bread rations


   Skills:
 - Level 2.1 Fighting
 * Level 5.3 Maces & Flails
 - Level 1.7 Throwing
 - Level 2.4 Dodging


You had 3 spell levels left.
You didn't know any spells.

Dungeon Overview and Level Annotations

Branches:
Dungeon (4/15)
 Temple: D:4-7

Altars:
Nemelex Xobeh
Yredelemnul

Annotations:
D:3 Goblin1989's ghost, amateur VSMo


Innate Abilities, Weirdness & Mutations

You are resistant to torment.
Your stone body is resilient (AC +3).
You are immune to poison.
You resist negative energy.
You are resistant to electric shocks.
You can survive without breathing.
You are immune to petrification.
You are immune to rotting.


Message History

No target in view!
No target in view!
No target in view!
No target in view!
No target in view!
No target in view!
As you open the door, it creaks loudly!
A quokka zombie comes into view.
Your ring mail prevents you from hitting the quokka zombie.
The quokka zombie closely misses you.
A decayed bog body comes into view.
You barely miss the quokka zombie. The quokka zombie barely misses you.
You barely miss the quokka zombie. The quokka zombie closely misses you.
You sock the quokka zombie!
You destroy the quokka zombie!
The decayed bog body gestures at you while chanting.
The puff of frost hits you! The decayed bog body hits you!!
Ouch! That really hurt!
You die...

### ##≈#
.≈.# ≈.#
≈.+ #≈#
#n+ +@###
#.'.#
###.###
#.'.'.#
#####.###
#∩..#.+
#.∩.'.#
#...#.+
#####.#


You could see a decayed bog body.

Vanquished Creatures
  A hound skeleton (D:4)
  4 adders
  An ooze (D:3)
  3 bats
  8 goblins
  9 hobgoblins
  6 kobolds
  A quokka (D:2)
  5 giant cockroaches
  2 giant gecko zombies (Ossuary)
  2 giant newts (D:2)
  A quokka zombie (Ossuary)
  2 rats (D:1)
45 creatures vanquished.

Vanquished Creatures (others)
  A plant (Ossuary)
1 creature vanquished.

Grand Total: 46 creatures vanquished

Notes
Turn   | Place    | Note
--------------------------------------------------------------
     0 | D:1      | Goblin1989 the Gargoyle Gladiator began the quest for the Orb.
     0 | D:1      | Reached XP level 1. HP: 12/12 MP: 1/1
    88 | D:1      | Reached XP level 2. HP: 17/17 MP: 2/2
   953 | D:2      | Reached skill level 4 in Maces & Flails
   953 | D:2      | Reached XP level 3. HP: 21/21 MP: 3/3
  1761 | D:3      | Noticed Goblin1989's ghost (amateur VSMo)
  1823 | D:3      | Reached XP level 4. HP: 26/26 MP: 4/4
  1978 | D:3      | Found a sparkling altar of Nemelex Xobeh.
  1978 | D:3      | Found a basalt altar of Yredelemnul.
  2221 | D:2      | Reached skill level 5 in Maces & Flails
  2315 | D:4      | Found a sand-covered staircase.
  2328 | Ossuary  | Entered an ossuary
  2352 | Ossuary  | Slain by a decayed bog body

Action                   |  1- 3 |  4- 6 || total
-------------------------+-------+-------++-------
Melee: Flail             |   109 |    56 ||   165
  Eat: Chunk             |     2 |       ||     2
       Meat ration       |       |     1 ||     1
